 Dungeon Crawl Stone Soup version 0.19.1 (webtiles) character file.

1129 RedPan the Carver (level 8, -9/58 HPs)
             Began as a Formicid Fighter on Dec 27, 2016.
             Was a Follower of Cheibriados.
             Killed by divine providence
             ... invoked by an orc priest
              (16 damage)
             ... on level 5 of the Dungeon.
             The game lasted 00:16:04 (3672 turns).

RedPan the Carver (Formicid Fighter)                Turns: 3672, Time: 00:16:05

Health: -9/58      AC:  6    Str: 26    XL:     8   Next: 62%
Magic:  8/8        EV:  8    Int: 11    God:    Cheibriados [*.....]
Gold:   168        SH: 10    Dex: 13    Spells: 0 memorised, 7 levels left

rFire  . . .     SeeInvis +     a - +0 long sword
rCold  + . .     Gourm    .     b - +0 scale mail
rNeg   . . .     Faith    .     c - +0 shield
rPois  .         Spirit   .     (helmet unavailable)
rElec  .         Reflect  .     (no cloak)
rCorr  +         Harm     .     (no gloves)
MR     .....                    (no boots)
Stlth  ..........               j - amulet of regeneration
                                n - ring of protection from cold
                                h - ring of resist corrosion

@: very slow
A: permanent stasis, dig shafts and tunnels, four strong arms, antennae 3
a: Dig, Shaft Self, Bend Time, Renounce Religion


You were on level 5 of the Dungeon.
You worshipped Cheibriados.
Cheibriados was aware of your devotion.
You were not hungry.

You visited 2 branches of the dungeon, and saw 6 of its levels.

You collected 168 gold pieces.

Inventory:

Hand Weapons
 a - a +0 long sword (weapon)
 y - a +0 falchion of holy wrath
Armour
 b - a +0 scale mail (worn)
 c - a +0 shield (worn)
 w - a +1 large shield of poison resistance
Jewellery
 h - a ring of resist corrosion (left hand)
 j - an amulet of regeneration (around neck)
 n - a ring of protection from cold (right hand)
 s - an uncursed amulet of guardian spirit
Wands
 i - a wand of iceblast (7/15)
 t - a wand of paralysis (13/24)
Scrolls
 e - 2 scrolls of remove curse
 g - a scroll of teleportation
 m - 5 scrolls of identify
 r - a scroll of enchant armour {unknown}
 x - a scroll of enchant weapon {unknown}
 z - a scroll of amnesia
Potions
 k - a potion of lignification
 q - a potion of cancellation
 A - a potion of resistance {unknown}
Books
 v - a book of Spatial Translocations

   Spells                             Type                      Level
   a - Blink                          Translocation                2
   b - Shroud of Golubria             Charms/Translocation         2
   c - Lesser Beckoning               Translocation                3
   d - Portal Projectile              Translocation                3
   e - Teleport Other                 Translocation                3
   f - Passage of Golubria            Translocation                4
Comestibles
 d - 3 chunks of flesh
 f - 4 bread rations
 l - a royal jelly
 o - a slice of pizza
 p - a meat ration
 u - 2 beef jerkies


   Skills:
 - Level 3.2 Fighting
 + Level 9.8 Long Blades
 - Level 3.2 Armour
 - Level 3.6 Shields


You had 7 spell levels left.
You didn't know any spells.

Dungeon Overview and Level Annotations

Branches:
Dungeon (5/15)             Temple (1/1) D:4

Altars:
Ashenzari
Cheibriados
Dithmenos
Elyvilon
Fedhas
Gozag
Hepliaklqana
Kikubaaqudgha
Makhleb
Nemelex Xobeh
Okawaru
Qazlal
Sif Muna
Trog
Uskayaw
Vehumet
The Shining One


Innate Abilities, Weirdness & Mutations

You are under a permanent stasis effect.
You can dig through walls and to a lower floor.
Your four strong arms can wield two-handed weapons with a shield.
You have a pair of large antennae on your head. (SInv)


Message History

You closely miss the orc. The orc hits you with a mace.
* * * LOW HITPOINT WARNING * * *
The orc priest hits you with a short sword.
* * * LOW HITPOINT WARNING * * *
You hit the orc.
The orc is heavily wounded.
The orc priest calls down the wrath of Beogh upon you.
You struggle to resist.
You block the orc's attack.
Your shield prevents you from hitting the orc.
The orc is heavily wounded.
The orc priest invokes the aid of Beogh against you.
Pain shoots through your body!
* * * LOW HITPOINT WARNING * * *
The orc hits you with a mace.
* * * LOW HITPOINT WARNING * * *
Your shield prevents you from hitting the orc.
The orc is heavily wounded.
The orc priest invokes the aid of Beogh against you.
Beogh smites you!
You die...

.................#........#
.................#........#
.................#........#
.................##'###...#
########+#######......#...##
......#......#....#
......#......#....#
....o.oo.....#....#
#@.....#....# #......#....#
#......'....# #......#....#
#####......######
.>.......#### .........#
.........# .........#


You could see 2 orc priests and an orc.

Vanquished Creatures
  The ghost of ImaNewbie the Basher, a novice OgGl of Okawaru (D:4)
  A sky beast (D:5)
  3 ogres (D:4)
  A bullfrog (D:4)
  A scorpion (D:4)
  A howler monkey (D:4)
  An orc priest (D:5)
  A hound (D:4)
  A centaur skeleton (D:4)
  An orc wizard (D:5)
  An iguana (D:5)
  3 adders
  2 oozes
  2 adder skeletons (D:4)
  A worm (D:2)
  2 dart slugs
  3 leopard geckos
  11 orcs
  5 bats
  4 giant cockroaches
  11 hobgoblins
  16 jackals
  10 kobolds
  A quokka (D:2)
  2 ball pythons
  2 frilled lizards (D:2)
  10 goblins
  A quokka skeleton (D:4)
  3 rats
102 creatures vanquished.

Notes
Turn   | Place    | Note
-------+----------+-------------------------------------------
     0 | D:1      | RedPan the Formicid Fighter began the quest for the Orb.
     0 | D:1      | Reached XP level 1. HP: 18/18 MP: 1/1
   114 | D:1      | Reached XP level 2. HP: 20/24 MP: 2/2
   267 | D:1      | Reached skill level 3 in Long Blades
   318 | D:1      | Reached XP level 3. HP: 24/29 MP: 3/3
   991 | D:2      | Found a shadowy altar of Dithmenos.
  1110 | D:2      | Reached skill level 4 in Long Blades
  1110 | D:2      | Reached XP level 4. HP: 35/35 MP: 2/4
  1382 | D:3      | Found a stormy altar of Qazlal.
  1501 | D:3      | Found a faded altar of an unknown god.
  1501 | D:3      | Found an iron altar of Okawaru.
  1506 | D:3      | Found a faded altar of an unknown god.
  1508 | D:3      | Found a faded altar of an unknown god.
  1510 | D:3      | Found a faded altar of an unknown god.
  1629 | D:3      | Reached XP level 5. HP: 36/41 MP: 5/5
  1698 | D:3      | Found a shattered altar of Ashenzari.
  1698 | D:3      | Found a sparkling altar of Nemelex Xobeh.
  1748 | D:3      | Gained mutation: You regenerate slowly when monsters are visible. [potion of mutation]
  1748 | D:3      | Gained mutation: You are clumsy. (Dex -2) [potion of mutation]
  1748 | D:3      | Gained mutation: Your mind is acute. (Int +2) [potion of mutation]
  1765 | D:4      | Noticed an ogre
  1950 | D:4      | Found a staircase to the Ecumenical Temple.
  1978 | D:4      | Reached skill level 5 in Long Blades
  2031 | D:4      | Noticed an ogre
  2038 | D:4      | Killed an ogre
  2038 | D:4      | Reached XP level 6. HP: 29/47 MP: 6/6
  2112 | D:4      | Killed an ogre
  2112 | D:4      | Reached skill level 6 in Long Blades
  2128 | Temple   | Entered the Ecumenical Temple
  2395 | Temple   | Became a worshipper of Cheibriados the Contemplative
  2572 | D:4      | Reached skill level 7 in Long Blades
  2572 | D:4      | Reached XP level 7. HP: 33/52 MP: 7/7
  2603 | D:4      | Found a hide-covered altar of Uskayaw.
  2655 | D:4      | Reached * piety under Cheibriados
  2720 | D:4      | Found a deep blue altar of Sif Muna.
  2742 | D:4      | Noticed ImaNewbie's ghost (novice OgGl)
  2757 | D:4      | Killed ImaNewbie's ghost
  2757 | D:4      | Reached skill level 8 in Long Blades
  2757 | D:4      | Reached XP level 8. HP: 7/58 MP: 8/8
  2993 | D:4      | Reached skill level 9 in Long Blades
  3286 | D:5      | Entered Level 5 of the Dungeon
  3521 | D:5      | Lost mutation: You are clumsy. (Dex -2) [potion of cure mutation]
  3521 | D:5      | Lost mutation: Your mind is acute. (Int +2) [potion of cure mutation]
  3521 | D:5      | Lost mutation: You regenerate slowly when monsters are visible. [potion of cure mutation]
  3672 | D:5      | Killed from afar by an orc priest

Skill      XL: |  1  2  3  4  5  6  7  8 |
---------------+-------------------------+-----
Long Blades    | 3 4 5 7 8 9 |  9.8
Fighting       | |  3.2
Armour         | |  3.2
Shields        | |  3.6

Action                   |  1- 3 |  4- 6 |  7- 9 || total
-------------------------+-------+-------+-------++-------
Melee: Long sword        |   110 |   143 |   121 ||   374
  Use: Scroll            |       |     7 |       ||     7
       Potion            |       |     4 |     6 ||    10
 Stab: Invisible         |       |       |     2 ||     2
  Eat: Chunk             |     1 |     5 |     2 ||     8
Armor: Scale mail        |    42 |    68 |    19 ||   129
Dodge: Dodged            |    44 |    75 |    37 ||   156
Block: Shield            |    49 |    92 |    52 ||   193
       Rpst.: Long sword |    15 |    28 |    13 ||    56
